 Dungeon Crawl Stone Soup version 0.29-a0-275-g389c0b56f3 (webtiles) character file.

Game seed: 9865868436471997892

0 davidthevgamer991 the Skirmisher (level 1, 0/19 HPs)
             Began as a Ghoul Berserker on Mar 10, 2022.
             Was a Follower of Trog.
             Slain by a rat (1 damage)
             ... on level 1 of the Dungeon.
             The game lasted 00:00:55 (85 turns).

davidthevgamer991 the Skirmisher (Ghoul Berserker)    Turns: 85, Time: 00:00:58

Health: 0/19       AC:  2    Str: 19    XL:     1   Next: 10%
Magic:  0/0        EV:  8    Int:  3    God:    Trog [*.....]
Gold:   0          SH:  0    Dex:  8    Spells: 0/0 levels left

rFire   . . .      SeeInvis .   a - +0 hand axe
rCold   + . .      Faith    .   (no shield)
rNeg    + + +      Spirit   .   b - +0 animal skin
rPois   ∞          Reflect  .   (no helmet)
rElec   .          Harm     .   (no cloak)
rCorr   .          Rampage  .   (no gloves)
Will    .....                   (no boots)
Stlth   +.........              (no amulet)
HPRegen 0.00/turn               (no ring)
MPRegen 0.07/turn               (no ring)

@: inhibited regen, constricted
A: claws 1, cold resistance 1, negative energy resistance 3, inhibited
regeneration, torment resistance 2
a: Renounce Religion


You were on level 1 of the Dungeon.
You worshipped Trog.
Trog was aware of your devotion.
You visited 1 branch of the dungeon, and saw 1 of its levels.

Inventory:

Hand Weapons
 a - a +0 hand axe (weapon)
Armour
 b - a +0 animal skin (worn)


   Skills:
 + Level 3.3 Fighting
 + Level 2.7 Axes
 + Level 1.7 Armour
 + Level 1.7 Dodging


You couldn't memorise any spells.
You didn't know any spells.
Your spell library was empty.

Dungeon Overview and Level Annotations

Branches:
Dungeon (1/15)

Altars:


Innate Abilities, Weirdness & Mutations

You thrive by killing the living.
You are immune to poison.
You have sharp fingernails.
Your flesh is cold resistant. (rC+)
You are immune to negative energy. (rN+++)
You do not regenerate when monsters are visible.
You are immune to unholy pain and torment.


Message History

A rat comes into view.
The ball python bites you but does no damage.
The ball python grabs you. The ball python constricts you.
The bat hits you but does no damage. The kobold hits you but does no damage.
You closely miss the bat. You closely miss the ball python.
You hit the kobold but do no damage. The bat hits you but does no damage.
The ball python barely misses you. The ball python constricts you.
The ball python bites you. The ball python constricts you.
A goblin comes into view. It is wielding a +0 dagger.
The kobold closely misses you.
You hit the bat.
You kill the bat!
Trog accepts your kill.
You barely miss the ball python. You closely miss the kobold.
The ball python bites you but does no damage.
The ball python constricts you.
The kobold hits you with a +0 short sword.
You escape the ball python's grasp.
The ball python bites you. The ball python grabs you.
The ball python constricts you.
The kobold hits you with a +0 short sword.
You hit the kobold but do no damage. You barely miss the ball python.
The ball python bites you but does no damage.
The ball python constricts you. The kobold hits you but does no damage.
The ball python bites you. The ball python constricts you.
You barely miss the kobold. You claw the kobold, but do no damage.
You closely miss the ball python. You hit the rat but do no damage.
The rat closely misses you.
The kobold hits you with a +0 short sword.
* * * LOW HITPOINT WARNING * * *
The ball python bites you.
* * * LOW HITPOINT WARNING * * *
The ball python constricts you.
You closely miss the rat. You closely miss the ball python.
You hit the kobold but do no damage. The rat barely misses you.
The kobold barely misses you.
The ball python bites you but does no damage.
The ball python constricts you.
* * * LOW HITPOINT WARNING * * *
The rat bites you.
You die...

..# #># #.# .
##.. .. ..#
##... ####
#g# #....
.....##r##..#
#....S@K..#
#.####..###
♣♣..♣♣#
##♣♣.....#+#
♣≈♣..).....#
♣♣≈≈..#+#♣..#
♣≈≈≈.## ♣..#
#♣≈≈≈.# ♣♣♣
#≈≈8≈≈#


You could see a goblin, a ball python, a kobold and a rat.

Vanquished Creatures
  A bat (D:1)
1 creature vanquished.

Notes
Turn   | Place    | Note
-------+----------+-------------------------------------------
     0 | D:1      | davidthevgamer991 the Ghoul Berserker began the quest for
                  | the Orb.
     0 | D:1      | Reached XP level 1. HP: 19/19 MP: 0/0
    85 | D:1      | Slain by a rat

Illustrated notes

Levels and vault maps discovered:
D:1:      sevenhm_arrival_forest_fort_small_5, layout_rooms, due_unseen_surprise

Action                   || total
-------------------------++-------
Melee: Hand axe          ||     5
       Punch             ||     1
Armor: Animal skin       ||     9
Dodge: Dodged            ||     7

Table legend: (Time is in decaauts)
 A = Elapsed time spent in this place.
 B = Non-inter-level travel time spent in this place.
 C = Inter-level travel time spent in this place.
 D = Time resting spent in this place.
 E = Time spent auto-exploring this place.
 F = Levels seen in this place.
 G = Mean time per level.
                   A        B        C        D        E       F      G
               +--------+--------+--------+--------+--------+-----+--------+
         Total |     91 |     91 |      0 |      0 |      0 |   1 |   91.0 |
       Dungeon |     91 |     91 |      0 |      0 |      0 |   1 |   91.0 |
               +--------+--------+--------+--------+--------+-----+--------+

Top non-repeatable levels by time:
     D:1: 91 daAuts
